[Event "Paris FIDE GP"]
[Site "Elancourt"]
[Date "2013.09.30"]
[Round "8"]
[White "Fressinet, Laurent"]
[Black "Tomashevsky, Evgeny"]
[Result "1/2-1/2"]
[ECO "C84"]
[WhiteElo "2708"]
[BlackElo "2706"]
[Annotator "ChessBase Website"]
[PlyCount "191"]
[EventDate "2013.09.22"]
[EventType "tourn"]
[EventRounds "11"]
[EventCountry "FRA"]
[EventCategory "20"]
[SourceTitle "CBM 157"]
[Source "ChessBase"]
[SourceDate "2013.11.12"]
[SourceVersion "1"]
[SourceVersionDate "2013.11.12"]
[SourceQuality "1"]
[TimeControl "40/7200:20/3600:900+30"]
[WhiteClock "2:00:00"]
[BlackClock "2:00:00"]

1. e4 e5 2. Nf3 Nc6 3. Bb5 a6 4. Ba4 Nf6 5. O-O Be7 6. d3 b5 7. Bb3 d6 8. a3 O-O 9. Nc3 Bg4 10. Be3 Nd4 11. Bxd4 exd4 12. Nd5 Nd7 13. h3 Bxf3 14. Qxf3 c6 15. Nf4 g6 16. g3 $146 (16. Qg4 Kh8 17. Ne2 Bf6 18. f4 Bg7 19. Qf3 Rb8 20. e5 dxe5 21.
Qxc6 f5 22. a4 Rb6 23. Qd5 Qc7 24. axb5 Rxb5 25. Qc4 Qxc4 26. dxc4 Rb6 27. fxe5
d3 28. Nf4 dxc2 29. Bxc2 Bxe5 30. Nd3 Bxb2 31. Nxb2 Rxb2 32. Ba4 Nc5 33. Bc6
Rc8 34. Bd5 Rc7 35. g4 fxg4 36. hxg4 Kg7 37. Ra5 Re2 38. Rf3 Re5 39. Kg2 Kh6
40. Rf7 Rxf7 41. Bxf7 Kg5 42. Kf3 Kh4 43. Bg8 h6 44. Bf7 Kg5 45. Bd5 Nb3 {
Ramirez,A (2588)-Tomashevsky,E (2706) Tromso 2013 1/2-1/2}) 16... Bf6 17. h4 Ne5 18. Qe2 Kg7 19. a4 Qd7 20. Kg2 h5 21. f3 Qb7 22. Qf2 Qb6 23. Rh1 Rh8 24. Ra2 Rac8 25. axb5 axb5 26. Qd2 Ra8 27. Rha1 Rxa2 28. Rxa2 Rb8 29. Nh3 Rb7 30. Qa5 Qxa5 31. Rxa5 Nd7 32. Ra6 Rc7 33. Ra8 Nb6 34. Ra5 Nd7 35. f4 Nc5 36. Ng1 Rb7 37. Nf3 Nxb3 38. cxb3 c5 39. Kf2 Be7 40. Ke2 f5 41. b4 $1 {[%emt 0:07:53] Tomashevsky
decided to use the same line that brought him an easy draw in the Tromso World
Cup in round one. Fressinet didn't really prove any real improvement, but
through some inaccuracies of the Russian he was able to obtain the a-file for
his rook and a little bit of pressure. In time trouble Tomashevsky allowed his
opponent to set up perfectly and after White's 41.b4! he was suddenly in real
trouble as his structure was collapsing.} fxe4 42. dxe4 Bf6 43. e5 Be7 44. exd6 Bxd6 45. bxc5 Bxc5 46. Ra6 d3+ 47. Kxd3 Bf2 48. Ne5 Rb6 49. Rxb6 Bxb6 50. Ke4 Bf2 51. Kf3 Bd4 52. Nd3 Kf6 53. Ke4 Bg1 54. b3 Ke6 55. Ne5 Kf6 56.
Nd3 Ke6 57. Nc1 Bf2 58. Ne2 Be1 59. Nd4+ Kf6 60. Kf3 b4 61. Nc2 Bc3 62. Ke4 Ke6 63. Ne3 Be1 64. f5+ gxf5+ 65. Nxf5 Kf6 66. Kf4 Bc3 67. Ne3 Be5+ 68. Kf3 Bd6 69. Nc4 Be7 70. Ke4 Bf8 71. Ne3 Bc5 72. Nd5+ Kg6 73. Nf4+ Kh6 74. Kf3 Bd6 75. g4 hxg4+ 76. Kxg4 Be5 77. Nd3 Bc3 78. Nc5 Bd2 79. Ne4 Bc1 80. Ng3 Bd2 81. h5 Bc3 82. Nf5+ Kh7 83. Kg5 Bd2+ 84. Kf6 Bc3+ 85. Ke6 Bd2 86. Kd5 Bc3 87. Kc4 Bd2 88. Kc5 Be1 89. Kb5 Bc3 90. Kc4 Bd2 91. Ne7 Kh6 92. Nd5 Kxh5 93. Nxb4 Kg6 94. Nd5 Kf7 95. b4 Bxb4 96. Kxb4 1/2-1/2

[Event "Belgrade RAD 30"]
[Site "Belgrade"]
[Date "1977.01.27"]
[Round "10.3"]
[White "Rajkovic, Dusan"]
[Black "Velimirovic, Dragoljub"]
[Result "1/2-1/2"]
[ECO "C84"]
[WhiteElo "2495"]
[BlackElo "2525"]
[Annotator "Primel,D"]
[PlyCount "143"]
[EventDate "1977.01.15"]
[EventType "tourn"]
[EventRounds "13"]
[EventCountry "SRB"]
[EventCategory "9"]
[SourceTitle "EXT 2018"]
[Source "ChessBase"]
[SourceDate "2017.10.13"]
[SourceVersion "1"]
[SourceVersionDate "2017.10.13"]
[SourceQuality "1"]
[TimeControl "40/9000:16/5400:0"]

1. e4 e5 2. Nf3 Nc6 3. Bb5 a6 4. Ba4 Nf6 5. O-O Be7 6. d4 O-O 7. d5 (7. Re1
exd4 8. e5 Ne8 9. c3 dxc3 10. Nxc3 d6 11. exd6 Nxd6 12. Nd5 $44) 7... Nb8 8.
Nxe5 (8. Re1 d6 9. c4 Nbd7 10. Nc3 Ne8 11. Bc2 g6 12. Bh6 Ng7 13. Qd2 Nf6 14.
h3 Kh8 15. Nh2 Ng8 16. Be3 f5 17. exf5 Nxf5 18. Bxf5 gxf5 19. f4 e4 20. g4 Nf6
21. g5 Nh5 22. Re2 c5 {Ermenkov,E (2445)-Velimirovic,D (2525) Moscow 1977 1/
2-1/2 (62)}) 8... Nxe4 9. c4 d6 10. Nd3 Nd7 11. Bc2 Nec5 (11... Ndc5 $143 12.
f3) 12. b4 Nxd3 13. Qxd3 f5 (13... g6 14. Bh6) 14. Bb2 Ne5 (14... Bf6 15. Qxf5)
15. Qb3 f4 16. Bxe5 dxe5 17. Nd2 Kh8 18.
Rfe1 a5 19. a3 Ra6 $5 {[%csl Rb3,Rb4][%cal Ga6b6,Ga5b4] Un plan original} 20.
Rad1 $32 Rb6 21. Rxe5 (21. b5 $5 {Laisse la Rb6 assez mal placée tout en
gardant l'avantage d'espace.} Bf6 (21... Bd6) (21... Bg4) 22. Ne4 )
21... axb4 22. Rde1 Bc5 $1 23. Qd3 Rh6 24.
Ne4 Be7 25. c5 bxa3 26. Qxa3 f3 $1 27. Ng3 (27. g3) 27... Bf6 28. R5e3 fxg2 29.
c6 $6 Bd4 $132 30. Rf3 Rg8 {Un coup bizarre mais les Noirs
veulent éviter l'échange des R} 31. Bf5 Rf6 32. Bxc8 Qxc8 33. Rxf6 Bxf6 34.
Kxg2 bxc6 35. dxc6 Rf8 36. Re3 g6 37. Rf3 Kg7 $15 {Dans cette position ouverte
et des P sur les deux ailes, le B doit dominer le N} 38. h3 Qe6 39. Qc5 Rd8 40.
Re3 Qd5+ 41. Ne4 Rd6 42. Qxd5 Rxd5 43. Ra3 Be5 44. Kf3 h6 45. Ke3 Kf7 46. f4
Bd4+ 47. Kf3 Bb6 $17 48. Ra8 Rd3+ 49. Kg2 Re3 50. Ng3 Rc3
51. h4 Rc2+ (51... Rxc6 52. h5) 52. Kf3 Rh2 53. Rb8 Rf2+ 54. Ke4 Rc2 55. h5 $1
{Simplifie la position pour tenter d'annuler} gxh5 56. Nxh5 Rxc6 57. Kf5 Bd4
58. Rd8 Bf6 59. Nxf6 Rxf6+ 60. Ke5 Re6+ 61. Kf5 Rd6 62. Rh8 Kg7 63. Rc8 $11 {
Forçant la R noire à occuper une mauvaise place} Rc6 64. Rd8
Rf6+ 65. Ke5 h5 66. f5 Rf8 67. Rd1 (67. Rd7+ Rf7 68. Rd8 h4) 67... h4 68. Rc1
Rc8 69. Rh1 Rh8 70. Rc1 h3 71. Rxc7+ Kh6 72. Rc1 1/2-1/2

[Event "Belgrade RAD 30"]
[Site "Belgrade"]
[Date "1977.01.23"]
[Round "7.2"]
[White "Matulovic, Milan"]
[Black "Smejkal, Jan"]
[Result "1/2-1/2"]
[ECO "C84"]
[WhiteElo "2510"]
[BlackElo "2575"]
[Annotator "Primel,D"]
[PlyCount "44"]
[EventDate "1977.01.15"]
[EventType "tourn"]
[EventRounds "13"]
[EventCountry "SRB"]
[EventCategory "9"]
[SourceTitle "EXT 2018"]
[Source "ChessBase"]
[SourceDate "2017.10.13"]
[SourceVersion "1"]
[SourceVersionDate "2017.10.13"]
[SourceQuality "1"]
[TimeControl "40/9000:16/5400:0"]

1. e4 e5 2. Nf3 Nc6 3. Bb5 a6 4. Ba4 Nf6 5. O-O Nxe4 6. d4 Be7 (6... b5 {
La grande ligne et cette variante Be7 est un peu douteuse}) 7. Qe2 f5 8. dxe5
O-O (8... Nc5) 9. Nc3 (9. Be3 Kh8 10. Nbd2 Nc5 11. Bxc5 Bxc5 12. c3 Qe7 13. b4
Ba7 14. Rfe1 Nd8 15. Nf1 b5 16. Bb3 Bb7 17. Ne3 Ne6 18. Nd5 Qe8 19. Rad1 Qg6
20. Qd2 Rae8 21. Kf1 Qh5 22. h3 c5 23. Nf4 Nxf4 {Romanishin,O (2595)-Smejkal,J
(2575) Leningrad 1977 1-0 (35)}) 9... Nc5 10. Bxc6 $146 (10. Bb3+ Nxb3 11. axb3
d5 12. exd6 Bxd6 13. Bf4 Re8 14. Qd2 Be6 15. Rad1 Be7 16. Rfe1 Qxd2 17. Rxd2
Bf6 18. Bxc7 Rac8 19. Bf4 h6 20. Rde2 Bf7 21. Be5 Nxe5 22. Nxe5 Bh5 23. f3 Rc5
24. Nd7 Bd4+ {Rabar,B-Longer,M Sarajevo 1951 1-0 (50)}) 10... dxc6 11. Rd1 Qe8
12. Bg5 $1 Ne6 13. Bxe7 Qxe7 14. Nd4 (14. Qc4 $5 {[%cal Gc4g8,Gf3d4] Une
précaution utile pour éviter Qb4 avant de jouer Nd4} Bd7 15. Rd2 (15. Nd4
Rad8)) 14... Qb4 $1 15. Nb3 Nf4 16. Qe3 Ng6 17. Rd4 f4 $1 18. Rxb4 fxe3 19. f3
Nxe5 20. Re4 Ng6 21. Rxe3 b6 22. Rd1 Kf7 1/2-1/2

[Event "Gashimov Memorial-B 1st"]
[Site "Shamkir"]
[Date "2014.04.24"]
[Round "5"]
[White "Safarli, Eltaj"]
[Black "Eljanov, Pavel"]
[Result "0-1"]
[ECO "C84"]
[WhiteElo "2656"]
[BlackElo "2732"]
[Annotator "Sagar Shah"]
[PlyCount "170"]
[EventDate "2014.03.21"]
[EventType "tourn"]
[EventRounds "9"]
[EventCountry "AZE"]
[EventCategory "17"]
[SourceTitle "CBM 160"]
[Source "ChessBase"]
[SourceDate "2014.05.15"]
[SourceVersion "1"]
[SourceVersionDate "2014.05.15"]
[SourceQuality "1"]
[TimeControl "40/7200:20/3600:900+30"]
[WhiteClock "0:59:26"]
[BlackClock "0:56:56"]

1. e4 e5 2. Nf3 Nc6 3. Bb5 a6 4. Ba4 Nf6 5. O-O Be7 6. d3 b5 7. Bb3 O-O 8. a4 b4 9. Nbd2 (9. h3 d6
10. Nbd2 Na5 11. Ba2 c5 12. c3 Nc6 13. Nc4 h6 14. Ne3 Rb8 15. Nd5 Be6 16. Bd2
Bxd5 17. Bxd5 Nxd5 18. exd5 Na5 19. Re1 f5 20. Nh2 bxc3 21. Bxc3 Nb3 22. Ra3
Qb6 23. Nf1 Qb7 24. Ne3 Nd4 25. Qh5 Bg5 26. Qd1 f4 27. Nc4 Qxd5 28. Bxd4 Qxd4
29. Re4 Qd5 30. Qg4 Rfd8 31. a5 Rb5 32. Ra1 Qf7 33. Rae1 Qd7 34. Qd1 Qf5 35.
Qa4 Bf6 36. Na3 Rxb2 37. Qc6 d5 {0-1 (37) Naiditsch,A (2710)-Karjakin,S (2782)
Kiev 2013}) 9... Bc5 10. Nc4 d6 11. h3 h6 12. c3 Rb8 13. a5 bxc3 14. bxc3 Be6 15. Be3 $146 (15. Ba4
Bxc4 16. Bxc6 Bb5 17. Bxb5 Rxb5 18. d4 exd4 19. cxd4 Bb4 20. Bd2 c5 21. e5 dxe5
22. dxe5 Ne4 23. Be3 Qxd1 24. Rfxd1 Bxa5 25. Rdc1 Rfb8 26. Kh2 Bc3 27. Rxa6 Re8
28. Rc6 Bxe5+ 29. Nxe5 Rxe5 30. f3 Ng5 31. R6xc5 Nxf3+ 32. gxf3 Rb2+ 33. R5c2
Rxc2+ 34. Rxc2 Rxe3 35. Kg3 Kh7 36. h4 Kg6 37. Rc5 Kf6 38. Rc7 Re7 39. Rc5 Re5
40. Rc7 Kg6 41. Kg4 Kf6 42. Rc6+ Re6 43. Rc7 g6 44. Ra7 Rd6 {Kobalia,M (2651)
-Jakovenko,D (2713) Khanty-Mansiysk 2013 1/2-1/2 (65)}) 15... Bxe3 16. fxe3 Ne7 17. Qc2 Ng6 18. Rfb1 Qe7 19. Ba2 Rb5 20. Ncd2 Rfb8 21. Bxe6 Qxe6 22. c4 Rxb1+ 23. Rxb1 Qe8 24. Rxb8 Qxb8 25. Qb3 Qxb3 26. Nxb3 c5 27. Nfd2 Nf8 28. Nb1 Ne6 29. Nc3 Kf8 30. Nd5 Ng8 31. Kf2 Ne7 32. Ke2 Nc6 33. Kd2 g6 34. Nb6 Ke8 35. Nc8 Kd7 36.
Nb6+ Kd8 37. Nd5 h5 38. Nf6 Ke7 39. Nd5+ Kf8 40. Ke2 Ned8 41. Nc7 (41. Kd2) 41... Ke7 42. d4 exd4 43. exd4 cxd4 44. Nxa6 Ne6 45. g3 Kf6 46. Kd3 Ke5 47. h4 f5 48. exf5 Kxf5 49. Ke2 Kg4 50. Kf2 Kh3 51. Kf3 d3 52. Nd2 Nxa5 53. Nb4 Nc5 54.
Nd5 Nab3 55. Nxb3 Nxb3 56. Nf4+ Kh2 57. Nxd3 Nd2+ 58. Ke3 Nxc4+ 59. Kf2 Kh3 60. Nf4+ Kg4 61. Nxg6 Nd2 {[%emt 0:00:00] We join the
game at a point where it is very much equal. White can maintian equality if he
just moves his knight to h8 or even to e7. As things turn out, White blunders
and gives Black chances for a win.} 62. Ke3 $2 (62. Nh8 $1 {
[%csl Rd6][%cal Gh8f7] The knight intends to come to f7 and attack the d6 pawn
in order for it advance so that the knight gets the e5 square.} Ne4+ 63. Ke3
Nxg3 64. Nf7 $1 d5 65. Kd4 Kxh4 66. Kxd5 Kg4 {The thing that is different from
the game is that the white knight is better placed and Black is a tempo behind.
} 67. Ne5+ Kf4 68. Ng6+ Kg5 69. Ne5 Kf5 70. Kd4 h4 (70... Ne2+ 71. Ke3) 71. Nf3
h3 72. Ke3 $11) (62. Ne7) 62... Nf1+ 63. Ke4 Nxg3+ $19 {[%emt 0:00:00] Surprisingly Black is winning this game. The reasons
for that are the following: the white knight is poorly placed on g6, it
doesn't have the e5 square. Black will gain a tempo when he will take Nh4. You
can see how little things affect the result of this ending.} 64. Kd5 Nf5 65. Ke4 d5+ {[%emt 0:05:01]
Sagar Shah: '!' Sagar Shah: 'Deflecting the white king.'} (65... Nxh4 $2 66.
Nf4 $11 {White would be very happy!}) 66. Kxd5 Nxh4 67. Ne5+ Kf4 $1 {[%emt 0:00:04] Shouldering the white
king.} 68. Ke6 (68. Nd3+ Kg3 $19 {The king is best placed
from the knight two squares away on the same file or rank.}) 68... Nf3 $1 69. Ng6+ Kg5 70. Kf7 {
[%emt 0:00:09] How should Black progress now? The knight must be dislodged
from g6. For that we must bring our knight to f4.'} Nd4 {[%emt 0:06:00] Sagar
Shah: '!'} 71. Kg7 Ne6+ 72. Kf7 Nf4 73. Ne5 Kf5 (73...
h4 $2 74. Nf3+ $11 {Haste makes waste.}) 74. Nf3 Kg4 (74... Ke4 75. Nh4 $11) 75. Ne5+ Kg3 {[%emt 0:00:03]
Another rule in the knight ending. The black king is best placed one square
away from an opposing knight on a diagonal. From e5, it will take three moves
for the white knight to check the black king.'} 76. Kf6 h4 {
[%emt 0:00:04] Sagar Shah: 'The pawn finally starts moving! Eltaj must have
really felt helpless.'} 77. Kg5 h3 78. Ng4 {
[%emt 0:00:04] Sagar Shah: 'Now the final trick is to distract the knight from
g4.'} Ne6+ (78... Nd3 79. Kf5 Nf2 80. Ne3 Kf3 81. Nf1 Kg2 82.
Ne3+ Kg1 $19 {Just like in the last case this would have been the fastest way
to win. You can spot the pattern how the knight came to f4 to distract white
knight from g6 and now to f2, and then the king goes to one square away from
the knight diagonally.}) 79. Kh5 Nf4+ 80. Kg5 Ng6 81. Ne3 Kf2 82. Ng4+ Kf3 83. Nh2+ Kg2 84. Ng4 Ne5 $1 {[%emt 0:00:10] The final
distraction.} 85. Ne3+ Kf2 {[%emt 0:00:17] A beautiful
endgame effort by Eljanov which enforces the endgame truth that knights really
struggle with the rook pawns.} 0-1